 Dungeon Crawl Stone Soup version 0.30.1-1-g62c8e00024 (webtiles) character file.

Game seed: 14780940828373788177

60 cheesebisquit the Ruffian (level 3, 36/36 HPs)
             Began as a Troll Fighter on July 17, 2023.
             Was a Follower of Lugonu.
             Quit the game on level 2 of the Dungeon.
             The game lasted 00:03:33 (1030 turns).

cheesebisquit the Ruffian (Troll Fighter)           Turns: 1030, Time: 00:03:33

Health: 36/36      AC:  4    Str: 24    XL:     3   Next: 82%
Magic:  2/2        EV:  8    Int:  6    God:    Lugonu [*.....]
Gold:   43         SH:  7    Dex:  9    Spells: 2/2 levels left

rFire   . .          .
                       - Unarmed
rCold   . . .        b - +0 kite shield
rNeg    . . .        a - +0 robe
rPois   .            (helmet restricted)
rElec   .            (no cloak)
rCorr   +            (gloves unavailable)
SInv    .            (boots unavailable)
Will    .....        (no amulet)
Stlth   +            d - ring of resist corrosion
HPRegen 1.06/turn    (no ring)
MPRegen 0.08/turn

%: no passive effects
@: no status effects
A: large, unfitting armour, claws 3, regeneration 1, shaggy fur 1, tough skin 1
a: Renounce Religion, Depart the Abyss


You were on level 2 of the Dungeon.
You worshipped Lugonu.
Lugonu was aware of your devotion.
You visited 1 branch of the dungeon, and saw 2 of its levels.

You collected 43 gold pieces.

Inventory:

Armour
 a - a +0 robe (worn)
 b - a +0 kite shield (worn)
Jewellery
 d - a ring of resist corrosion (left claw)
Scrolls
 f - 2 scrolls of poison {unknown}
 h - a scroll of butterflies {unknown}
 i - a scroll of identify {unknown}
 k - a scroll of blinking {unknown}
 l - a scroll of fog {unknown}
Potions
 c - a potion of might
 e - 2 potions of heal wounds {unknown}
 g - a potion of resistance {unknown}
 j - a potion of curing {unknown}


   Skills:
 + Level 2.9 Fighting
 - Level 2.4 Dodging
 + Level 3.1 Shields
 * Level 3.3 Unarmed Combat
 + Level 0.0 Invocations


You had 2 spell levels left.
You didn't know any spells.
Your spell library was empty.

Dungeon Overview and Level Annotations

Branches:
Dungeon (2/15)

Altars:
Lugonu


Innate Abilities, Weirdness & Mutations

You are too large for most types of armour.
You have claws for hands.
Your natural rate of healing is unusually fast.
You are covered in fur. (AC +1)
You have tough skin. (AC +1)


Message History

You closely miss the rat.
The rat is severely wounded.
You block the rat's attack.
You claw the rat!
You kill the rat!
You open the door.
There is an open door here.
You feel a little less mighty now.
You open the door.
Found a faded altar of an unknown god.
You open the door.
Found a dagger.
An adder comes into view.
The adder hisses angrily.
The adder bites you.
You scratch the adder.
The adder is lightly wounded.
The adder barely misses you.
You barely miss the adder.
The adder is lightly wounded.
The adder bites you but does no damage. The adder bites you.
You miss the adder.
The adder is lightly wounded.
The adder barely misses you.
You scratch the adder but do no damage.
The adder is lightly wounded.
The adder closely misses you.
You claw the adder!
You kill the adder!
No target in view!
You see here a +0 dagger.
There is a faded altar of an unknown god here.
This altar belongs to (a) Wu Jian, (b) Lugonu or (c) Jiyva, but you can't tell which.
Press the corresponding letter to learn more about a god, or press enter to convert or escape to cancel.
Lugonu accepts your prayer! Lugonu welcomes you!
You can now depart the Abyss.
An adder comes into view.
The adder hisses angrily.
Okay, then.
Are you sure you want to abandon this character and quit the game? (Confirm with "yes".)

..... #...#....#
# .....#.###....#
# #..#.....#### .
#....##### .
#..#.# . ##..#.#
.. . . #..##.#
.)... .
##..##.####.....
.
#.......@....S..
.
##......##.#.....
#
#....#..##.#...(.
#................
#........#.####
#....###.#.#
#....# #.#.# .##
###...# #...# ...
#.#...####..#
############


You could see an adder.

Vanquished Creatures
  Jessica (D:2)
  An adder (D:2)
  3 bats (D:1)
  3 endoplasms
  5 goblins (D:1)
  5 hobgoblins (D:1)
  A quokka (D:2)
  2 frilled lizards
  3 rats
24 creatures vanquished.

Notes
Turn   | Place    | Note
-------+----------+-------------------------------------------
     0 | D:1      | cheesebisquit the Troll Fighter began the quest for the
                  | Orb.
     0 | D:1      | Reached XP level 1. HP: 22/22 MP: 0/0
   146 | D:1      | Reached XP level 2. HP: 29/29 MP: 1/1
   843 | D:2      | Noticed Jessica
   848 | D:2      | Killed Jessica
   849 | D:2      | Reached XP level 3. HP: 33/36 MP: 2/2
   937 | D:2      | Found a faded altar of an unknown god.
  1015 | D:2      | Prayed at the altar of an unknown god.
  1015 | D:2      | Became a worshipper of Lugonu the Unformed
  1015 | D:2      | Reached * piety under Lugonu
  1030 | D:2      | Quit the game

Illustrated notes

Levels and vault maps discovered:
D:1:      elethiomel_arrival_infinity_welcomes_careful_drivers, layout_basic
D:2:      layout_basic, hellmonk_ecumenical_altar_zigzags, uniq_jessica

Skill      XL: |  1  2 |
---------------+-------+-----
Shields        | 3 |  3.1
Unarmed Combat | 3 |  3.3
Fighting       | |  2.9
Dodging        | |  2.4

Action                     || total
---------------------------++-------
  Melee: Unarmed           ||    67
    Use: Potion            ||     1
   Stab: Sleeping          ||     1
 Armour: Robe              ||    12
  Dodge: Dodged            ||    23
  Block: Kite shield       ||    22
